 Dungeon Crawl Stone Soup version 0.31-a0-1308-ga3cce3a448 (webtiles) character file.

Game seed: 1615841098900861973

98 timneilson the Shield-Bearer (level 4, 0/28 HPs)
             Began as a Gargoyle Fighter on Dec 19, 2023.
             Slain by a gnoll
             ... wielding a +0 halberd
              (8 damage)
             ... on level 3 of the Dungeon.
             The game lasted 00:03:38 (2012 turns).

timneilson the Shield-Bearer (Gargoyle Fighter)     Turns: 2012, Time: 00:03:38

Health: 0/28       AC: 15    Str: 20    XL:     4   Next: 71%
Magic:  4/4        EV:  8    Int:  8    God:
Gold:   182        SH:  4    Dex: 11    Spells: 3/3 levels left

rFire   . . .        a - +0 long sword
rCold   . . .        c - +0 buckler
rNeg    + . .        e - +0 chain mail
rPois   ∞            (no helmet)
rElec   +            h - +0 cloak
rCorr   .            k - +0 pair of gloves
SInv    .            (no boots)
Will    .....        (no amulet) Stlth
                     (no ring)
HPRegen 0.24/turn    (no ring)
MPRegen 0.09/turn

%: no passive effects
@: no status effects
A: sickness immunity, AC +3, negative energy resistance 1, electricity
resistance, torment resistance 1, petrification resistance
a: no special abilities


You were on level 3 of the Dungeon.
You visited 1 branch of the dungeon, and saw 3 of its levels.

You collected 182 gold pieces.

Inventory:

Hand Weapons
 a - a +0 long sword (weapon)
Armour
 c - a +0 buckler (worn)
 e - a +0 chain mail (worn)
 h - a +0 cloak (worn)
 k - a +0 pair of gloves (worn)
Potions
 d - 2 potions of might
 g - a potion of cancellation
 j - 2 potions of heal wounds


   Skills:
 + Level 3.6 Fighting
 * Level 2.5 Long Blades
 * Level 4.1 Armour
 + Level 0.6 Dodging
 * Level 4.2 Shields


You had 3 spell levels left.
You didn't know any spells.
Your spell library contained the following spells:

 Spells                   Type           Power      Damage    Failure   Level
 Sting                    Tmut/Pois      0%         1d3       98%         1
 Blink                    Tloc           0%         N/A       99%         2
 Lesser Beckoning         Tloc           0%         N/A       99%         2
 Momentum Strike          Conj/Tloc      0%         3d8       99%         2
 Poisonous Vapours        Pois/Air       0%         N/A       99%         2
 Dazzling Flash           Conj/Hex       0%         N/A       100%        3
 Olgreb's Toxic Radiance  Pois           0%         N/A       100%        4
 Agony                    Necr           0%         N/A       100%        5
 Silence                  Hex/Air        0%         N/A       100%        5


Dungeon Overview and Level Annotations

Branches:
Dungeon (3/15)

Altars:
Gozag

Shops:
D:2 ?   D:3 =

Annotations:
D:2 1 runed translucent door, Crazy Yiuf


Innate Abilities, Weirdness & Mutations

You are immune to sickness and miasma.
Your stone body is resilient. (AC +3)
You are immune to poison.
You resist negative energy. (rN+)
You are resistant to electric shocks. (rElec)
You are resistant to unholy torment.
You are immune to petrification.


Message History

e - a +0 chain mail You start removing your armour.
You continue taking off your +0 scale mail. x4
You finish taking off your +0 scale mail.
You start putting on your armour.
You continue putting on your +0 chain mail. x5
You finish putting on your +0 chain mail.
You drop a +0 scale mail.
Found Feblug's Jewellery Shoppe.
Found an escape hatch in the ceiling.
There is an entrance to Feblug's Jewellery Shoppe here.
You can access your shopping list by pressing '$'.
You now have 182 gold pieces (gained 11). 3 gnolls come into view.
The gnoll shouts! x3
A gnoll comes into view. It is wielding a +0 halberd.
The gnoll shouts!
A bat comes into view.
You block the gnoll's attack.
You barely miss the gnoll. The gnoll hits you with a +0 halberd.
The gnoll barely misses you.
You barely miss the gnoll. The gnoll hits you but does no damage.
You completely miss the gnoll. The gnoll hits you with a +0 halberd.
You hit the gnoll.
The gnoll is moderately wounded.
The gnoll hits you with a +0 halberd.
You hit the gnoll.
The gnoll is heavily wounded.
The gnoll hits you with a +0 halberd! The gnoll barely misses you.
You barely miss the gnoll.
The gnoll is heavily wounded.
The gnoll closely misses you.
You hit the gnoll.
The gnoll is almost dead.
The gnoll hits you with a +0 halberd.
* * * LOW HITPOINT WARNING * * *
You barely miss the gnoll.
The gnoll is almost dead.
The gnoll hits you with a +0 halberd!
You die...

# #.# # #.# #
#.# # #.# # #.#
#
#.#############
#
#.............#
#
#############.#
#@# #g# #g# #g#
#g# .b. #.# #.#


You could see 4 gnolls and a bat.

Vanquished Creatures
  2 adders
  3 dart slugs
  A worm (D:2)
  2 endoplasms
  3 giant cockroaches
  7 hobgoblins
  3 jackals (D:1)
  3 quokkas (D:1)
  7 ball pythons
  10 bats
  3 frilled lizards
  13 goblins
  4 kobolds
  5 rats
66 creatures vanquished.

Notes
Turn   | Place    | Note
-------+----------+-------------------------------------------
     0 | D:1      | timneilson the Gargoyle Fighter began the quest for the
                  | Orb.
     0 | D:1      | Reached XP level 1. HP: 14/14 MP: 1/1
   123 | D:1      | Reached XP level 2. HP: 19/19 MP: 2/2
   440 | D:1      | Reached XP level 3. HP: 23/23 MP: 3/3
  1262 | D:2      | Reached XP level 4. HP: 19/28 MP: 4/4
  1481 | D:2      | Found Zimuav's Magic Scroll Boutique.
  1603 | D:2      | Found a runed translucent door.
  1604 | D:2      | Noticed Crazy Yiuf
  1814 | D:3      | Found an opulent altar of Gozag.
  1962 | D:3      | Found Feblug's Jewellery Shoppe.
  2012 | D:3      | Slain by a gnoll

Illustrated notes

Levels and vault maps discovered:
D:1:      spicycebolla_arrival_ecumenical, layout_basic
D:2:      layout_loops_ring, serial_shops, nicolae_shop_just_a_little_nook,
          uniq_crazy_yiuf_cottage
D:3:      layout_basic, nicolae_gozag_seed_capital, serial_shops, shop_statue,
          saegor_snake_ambush

Skill      XL: |  1  2  3  4 |
---------------+-------------+-----
Long Blades    | 2 |  2.5
Shields        | 4 |  4.2
Armour         | 4 |  4.1
Fighting       | |  3.6
Dodging        | |  0.6

Action                     |  1- 3 |  4- 6 || total
---------------------------+-------+-------++-------
  Melee: Long sword        |   157 |    79 ||   236
    Use: Scroll            |     3 |     2 ||     5
 Armour: Scale mail        |   129 |    45 ||   174
         Chain mail        |       |     7 ||     7
  Dodge: Dodged            |    64 |    34 ||    98
  Block: Buckler           |    32 |     9 ||    41

Table legend: (Time is in decaauts)
 A = Elapsed time spent in this place.
 B = Non-inter-level travel time spent in this place.
 C = Inter-level travel time spent in this place.
 D = Time resting spent in this place.
 E = Time spent auto-exploring this place.
 F = Levels seen in this place.
 G = Mean time per level.
                   A        B        C        D        E       F      G
               +--------+--------+--------+--------+--------+-----+--------+
         Total |   2087 |   2009 |     78 |      0 |   1423 |   3 |  695.7 |
       Dungeon |   2087 |   2009 |     78 |      0 |   1423 |   3 |  695.7 |
               +--------+--------+--------+--------+--------+-----+--------+

Top non-repeatable levels by time:
     D:1: 979 daAuts
     D:2: 872 daAuts
     D:3: 235 daAuts
